 Dungeon Crawl Stone Soup version 0.27.1-1-g398f81649c (webtiles) character file.

Game seed: 5706686202603604674

41556 Descartes the Covert (level 13, -12/59 HPs)
             Began as a Spriggan Delver on Sept 13, 2021.
             Was an Elder of Dithmenos.
             Mangled by a boulder beetle (39 damage)
             ... on level 15 of the Dungeon.
             The game lasted 01:24:00 (23228 turns).

Descartes the Covert (Spriggan Delver)             Turns: 23228, Time: 01:24:01

Health: -12/59     AC: 13    Str:  9    XL:     13   Next: 80%
Magic:  0/21       EV: 27    Int: 15    God:    Dithmenos [****..]
Gold:   1003       SH: 10    Dex: 20    Spells: 6/22 levels left

rFire    + . .     SeeInvis +   a - +9 dagger of Impatience {freeze, rC++ Will+ Int-5 Dex+3}
rCold    + + .     Faith    .   q - +2 buckler {reflect}
rNeg     . . .     Spirit   +   m - +5 steam dragon scales of the Everdark {Stlth+}
rPois    .         Reflect  +   S - +2 hat of Uffibb {Drain Int+4 Stlth+}
rElec    .         Harm     .   Z - +0 cloak
rCorr    .         Rampage  .   (gloves unavailable)
Will     +++..     Clarity  +   (boots unavailable) Stlth **++++++++
                                s - amulet of guardian spirit
HPRegen  0.19/turn              E - ring "Zurphuz" {Fire Str-2 Slay+6}
MPRegen  0.17/turn              z - ring of Zoergh {Wiz Int+5}

@: wreathed by umbra, very quick
A: very small, no large weapons, unfitting armour, see invisible, speed 3,
talons 1, clarity, cold resistance 1, dopey 1
a: Renounce Religion, Shadow Step


You were on level 15 of the Dungeon.
You worshipped Dithmenos.
Dithmenos was greatly pleased with you.
You visited 3 branches of the dungeon, and saw 17 of its levels.
You also visited: Gauntlet.

You collected 1784 gold pieces.
You spent 781 gold pieces at shops.

Inventory:

Hand Weapons
 a - the +9 dagger of Impatience (weapon) {freeze, rC++ Will+ Int-5 Dex+3}
   (You found it on level 9 of the Dungeon)

   It freezes those it strikes, dealing additional cold damage.
   It can also slow down cold-blooded creatures.
   Int:       It affects your intelligence (-5).
   Dex:       It affects your dexterity (+3).
   rC:        It greatly protects you from cold.
   Will:      It increases your willpower.
 b - the +8 shortbow of the Shore {freeze, Int+9 Dex-3}
   (You found it on level 8 of the Dungeon)

   Any ammunition fired from it freezes those it strikes, dealing additional
   cold damage.
   It can also slow down cold-blooded creatures.
   Int:       It affects your intelligence (+9).
   Dex:       It affects your dexterity (-3).
 K - the +4 dagger of Wovaq {drain, rCorr Str+4 Int-2 Dex+5}
   (You found it on level 5 of the Dungeon)

   A truly terrible weapon, it drains the life of any living foe it strikes.
   Str:       It affects your strength (+4).
   Int:       It affects your intelligence (-2).
   Dex:       It affects your dexterity (+5).
   rCorr:     It protects you from acid and corrosion.
Missiles
 h - 338 arrows
 i - 323 stones (quivered)
 l - 226 sling bullets
 w - 65 poisoned darts
 D - 21 boomerangs
 L - 5 boomerangs of dispersal
 N - 81 bolts
Armour
 m - the +5 steam dragon scales of the Everdark (worn) {Stlth+}
   (You found it on level 7 of the Dungeon)

   Stlth:     It makes you more stealthy.
 q - a +2 buckler of reflection (worn)
 C - a +2 robe of positive energy
 S - the +2 hat of Uffibb (worn) {Drain Int+4 Stlth+}
   (You found it in a Gauntlet)

   Int:       It affects your intelligence (+4).
   Drain:     It drains your maximum health when unequipped.
   Stlth:     It makes you more stealthy.
 V - a +2 robe of willpower
 Z - a +0 cloak (worn)
Magical Staves
 y - a staff of earth
Jewellery
 o - an amulet of the acrobat
 s - an amulet of guardian spirit (around neck)
 z - the ring of Zoergh (right hand) {Wiz Int+5}
   (You found it in a Gauntlet)

   [ring of wizardry]

   It improves your spell success rate.
   Int:       It affects your intelligence (+5).
 E - the ring "Zurphuz" (left hand) {Fire Str-2 Slay+6}
   (You found it in a Gauntlet)

   [ring of fire]

   It enhances your fire magic.
   Str:       It affects your strength (-2).
   Slay:      It affects your accuracy & damage with ranged weapons and melee
   (+6).
   rF:        It protects you from fire.
   rC:        It makes you vulnerable to cold.
Wands
 g - a wand of digging (3)
 t - a wand of polymorph (8)
 M - a wand of charming (22)
 O - a wand of paralysis (34)
 P - a wand of flame (60)
Scrolls
 c - 2 scrolls of fog
 d - 2 scrolls of magic mapping
 e - 4 scrolls of fear
 j - 3 scrolls of blinking
 k - 8 scrolls of amnesia
 u - 7 scrolls of teleportation
 v - a scroll of vulnerability {unknown}
 x - a scroll of torment
 A - 2 scrolls of summoning
 B - 5 scrolls of enchant weapon
 F - a scroll of brand weapon {unknown}
 I - a scroll of identify
 Q - a scroll of silence {unknown}
 T - a scroll of enchant armour {unknown}
Potions
 f - 2 potions of haste
 n - 11 potions of curing
 p - 3 potions of magic
 r - a potion of might
 G - 5 potions of lignification
 H - a potion of brilliance
 J - 2 potions of ambrosia
 R - 2 potions of attraction
 W - a potion of mutation
 X - 2 potions of flight
 Y - a potion of cancellation


   Skills:
 - Level 2.4 Fighting
 - Level 10.0 Short Blades
 + Level 11.3 Bows
 - Level 12.0 Dodging
 + Level 14.6 Stealth
 - Level 7.2 Shields
 - Level 5.0 Spellcasting
 - Level 5.0 Hexes
 + Level 13.7 Translocations
 - Level 5.0 Invocations
 - Level 5.0 Evocations


You had 6 spell levels left.
You knew the following spells:

 Your Spells              Type           Power      Damage    Failure   Level
a - Blink                 Tloc           N/A        N/A       1%          2
b - Summon Mana Viper     Hex/Summ       11%        N/A       52%         5
c - Silence               Hex/Air        5%         N/A       52%         5
d - Passage of Golubria   Tloc           N/A        N/A       1%          4

Your spell library contained the following spells:

 Spells                   Type           Power      Damage    Failure   Level
 Lesser Beckoning         Tloc           22%        N/A       1%          3
 Manifold Assault         Tloc           45%        N/A       1%          5
 Animate Skeleton         Necr           6%         N/A       6%          1
 Magic Dart               Conj           12%        1d3       6%          1
 Pain                     Necr           12%        1d4       6%          1
 Sandblast                Erth           6%         2d5       6%          1
 Shock                    Conj/Air       12%        1d3       6%          1
 Call Imp                 Summ           3%         N/A       10%         2
 Corpse Rot               Necr/Air       N/A        N/A       10%         2
 Static Discharge         Conj/Air       3%         N/A       10%         2
 Summon Forest            Summ/Tloc      12%        N/A       11%         5
 Frozen Ramparts          Ice            6%         1d2       19%         3
 Mephitic Cloud           Conj/Pois/Air  3%         N/A       19%         3
 Swiftness                Air            3%         N/A       19%         3
 Vampiric Draining        Necr           1%         2d6       19%         3
 Leda's Liquefaction      Hex/Erth       5%         N/A       22%         4
 Airstrike                Air            1%         N/A       52%         4
 Dispel Undead            Necr           3%         3d7       52%         4
 Ice Form                 Ice/Tmut       3%         N/A       52%         4
 Sticky Flame             Conj/Fire      5%         2d3       52%         4
 Summon Ice Beast         Ice/Summ       3%         N/A       52%         4
 Summon Lightning Spire   Summ/Air       3%         N/A       52%         4
 Bolt of Magma            Conj/Fire/Erth 2%         4d4       85%         5
 Lightning Bolt           Conj/Air       1%         1d12      85%         5
 Shadow Creatures         Summ           N/A        N/A       100%        6
 Starburst                Conj/Fire      2%         6d3       100%        6
 Statue Form              Tmut/Erth      2%         N/A       100%        6
 Monstrous Menagerie      Summ           1%         N/A       100%        7
 Ignition                 Fire           2%         3d3       100%        8
 Lehudib's Crystal Spear  Conj/Erth      1%         10d2      100%        8
 Chain Lightning          Conj/Air       1%         3d2       100%        9


Dungeon Overview and Level Annotations

Branches:
Dungeon (14/15)            Temple (1/1) D:6            Lair (1/6) D:11
    Orc (0/2) D:11         Vaults (0/5) D:14        Gauntlet (visited)

Altars:
Ashenzari
Cheibriados
Dithmenos
Elyvilon
Fedhas
Gozag
Hepliaklqana
Kikubaaqudgha
Makhleb
Nemelex Xobeh
Okawaru
Qazlal
Ru
Sif Muna
Trog
Uskayaw
Vehumet
Wu Jian
Xom
Yredelemnul
Zin
The Shining One

Shops:
D:1 !*(   D:4 [**   D:7 :[   D:12 [


Innate Abilities, Weirdness & Mutations

You are very small and have problems with some larger weapons.
You are too small for most types of armour.
You have supernaturally acute eyesight. (SInv)
You cover ground extremely quickly. (Speed+++)
You have sharp toenails.
You possess an exceptional clarity of mind.
Your flesh is cold resistant. (rC+)
You are dopey. (Int -2)


Message History

The boulder beetle is lightly wounded.
The boulder beetle barely misses you.
You hit the boulder beetle but do no damage.
You claw the boulder beetle, but do no damage.
The boulder beetle is lightly wounded.
You puncture the boulder beetle! You freeze the boulder beetle.
You claw the boulder beetle, but do no damage.
The boulder beetle is moderately wounded.
Your shadow hits the boulder beetle but does no damage.
You block the boulder beetle's attack.
You hit the boulder beetle. You freeze the boulder beetle.
The boulder beetle is moderately wounded.
You hit the boulder beetle but do no damage.
The boulder beetle is moderately wounded.
Your shadow hits the boulder beetle but does no damage.
The boulder beetle bites you.
You hit the boulder beetle but do no damage.
You claw the boulder beetle, but do no damage.
The boulder beetle is moderately wounded.
You hit the boulder beetle. You freeze the boulder beetle.
You claw the boulder beetle, but do no damage.
The boulder beetle is moderately wounded.
The boulder beetle leaps!
The boulder beetle curls into a ball and begins rolling!
Unknown command.
Casting: Blink (safe; 1% risk of failure)
Confirm with . or Enter, or press ? or * to list all spells.
You blink.
Casting: Blink (safe; 1% risk of failure)
Confirm with . or Enter, or press ? or * to list all spells.
You blink.
Casting: Blink (safe; 1% risk of failure)
Confirm with . or Enter, or press ? or * to list all spells.
You blink.
You hit the boulder beetle. You freeze the boulder beetle.
You claw the boulder beetle, but do no damage.
The boulder beetle is moderately wounded.
The boulder beetle hits you!!!
Ouch! That really hurt!
You die...

#..#..# #..# #### #)#.####
#).# #... #......## #..#
#... ##..†....## ##..####...
# #.........# ##.....##...
.. #.........####..###.##...
#.##...........†............
#............############...
####.....°B@.# #...
#.!§.°....# #..[ #.........#
#... #.........# ####
#.........# #.........#
##.......## ##.....##
#######


You could see a boulder beetle (rolling).

Vanquished Creatures
  A minotaur (Gauntlet)
  6 vault guards (D:14)
  3 boulder beetles
  3 centaur warriors
  A catoblepas (D:13)
  3 hydras
  8 two-headed ogres
  A death scarab (Gauntlet)
  A thrashing horror (Gauntlet)
  2 deep elf pyromancers
  A spectral boulder beetle (Gauntlet)
  2 manticores
  11 ugly things
  7 cyclopes
  A black mamba (shapeshifter) (D:13)
  2 gargoyles
  A cane toad (Lair:1)
  A yaktaur (D:12)
  An unseen horror (D:11)
  A komodo dragon (D:11)
  A queen bee (Gauntlet)
  3 meliai (D:14)
  A hornet (D:9)
  A polar bear (Lair:1)
  A troll (D:12)
  7 slime creatures
  A vampire (D:12)
  A redback (D:11)
  A wyvern (D:9)
  A spriggan (shapeshifter) (D:15)
  A shadow (D:13)
  2 wraiths
  12 yaks
  6 vampire mosquitoes
  A steam dragon (D:7)
  4 acid dragons
  3 water moccasins
  2 sky beasts
  6 orc warriors
  A black bear (D:11)
  A necrophage (D:6)
  An ice beast (D:5)
  3 ogres
  5 centaurs
  2 phantoms
  4 small abominations (Gauntlet)
  2 kobold brigands (D:10)
  Blork the orc (D:4)
  A gnoll sergeant (D:6)
  4 bullfrogs
  A wyvern zombie (D:6)
  8 scorpions
  A water moccasin skeleton (D:3)
  4 wights (D:9)
  10 killer bees
  6 howler monkeys
  5 centaur zombies
  3 jellies
  2 hounds
  2 bullfrog skeletons
  4 orc priests
  3 iron imps (D:8)
  4 iguanas
  9 orc wizards
  A hound skeleton (D:4)
  3 howler monkey zombies
  Robin (D:4)
  10 gnolls
  A howler monkey skeleton (D:4)
  6 adders
  A shadow imp (D:8)
  3 white imps
  4 worms
  28 orcs
  9 endoplasms
  11 giant cockroaches
  14 goblins
  13 hobgoblins
  2 jackals (D:1)
  16 kobolds
  4 quokkas
  6 ball pythons
  6 bats
  A frilled lizard (D:2)
  3 rats
  2 butterflies (D:7)
344 creatures vanquished.

Vanquished Creatures (others)
  A wizard (D:8)
  8 fungi (D:11)
  3 plants
  14 withered plants (Gauntlet)
26 creatures vanquished.

Grand Total: 370 creatures vanquished

Notes
Turn   | Place    | Note
-------+----------+-------------------------------------------
     0 | D:5      | Descartes the Spriggan Delver began the quest for the Orb.
     0 | D:5      | Reached XP level 1. HP: 11/11 MP: 2/2
    18 | D:5      | Noticed a phantom
    30 | D:5      | Identified the +4 dagger of Wovaq {drain, rCorr Str+4 Int-2
                  | Dex+5}
    46 | D:5      | Noticed an ogre
    62 | D:5      | Killed an ogre
    63 | D:5      | Reached skill level 8 in Stealth
    63 | D:5      | Reached XP level 2. HP: 16/16 MP: 3/3
    63 | D:5      | Reached XP level 3. HP: 19/19 MP: 4/4
    63 | D:5      | Reached XP level 4. HP: 23/23 MP: 5/5
   119 | D:5      | Killed a phantom
   120 | D:5      | Reached XP level 5. HP: 7/27 MP: 6/6
   362 | D:4      | Noticed an ogre
   365 | D:4      | Found Pakhaull's Assorted Antiques.
   366 | D:4      | Killed an ogre
   367 | D:4      | Reached skill level 5 in Dodging
   367 | D:4      | Reached skill level 9 in Stealth
   421 | D:4      | Reached XP level 6. HP: 32/32 MP: 7/7
   444 | D:4      | Found Lilujoaf's Antique Armour Shop.
   457 | D:4      | Noticed Blork the orc
   615 | D:3      | Noticed Robin
   652 | D:4      | Killed Robin
   748 | D:3      | Found an opulent altar of Gozag.
   978 | D:3      | Found a broken altar of Ashenzari.
  1577 | D:3      | Learned a level 2 spell: Blink
  1854 | D:2      | Found a faded altar of an unknown god.
  1944 | D:2      | Found a burning altar of Makhleb.
  2559 | D:1      | Found Urytug's Distillery.
  2573 | D:1      | Found Poujo's Assorted Antiques.
  2595 | D:1      | Bought a bubbling green potion for 20 gold pieces
  2595 | D:1      | Bought a sedimented red potion for 20 gold pieces
  2595 | D:1      | Bought a scroll labelled CIKINNEUNY for 23 gold pieces
  2595 | D:1      | Bought a scroll labelled XEOJAO XAIGRU for 23 gold pieces
  2842 | D:1      | Reached skill level 5 in Short Blades
  2906 | D:1      | Found Maipp's Weapon Emporium.
  3133 | D:1      | Bought a potion of heal wounds for 70 gold pieces
  3473 | D:4      | Found Ceocvuaf's Assorted Antiques.
  3487 | D:4      | Reached XP level 7. HP: 32/35 MP: 8/8
  3587 | D:4      | Found a sacrificial altar of Ru.
  4349 | D:3      | Reached skill level 10 in Stealth
  5115 | D:4      | Killed Blork the orc
  5651 | D:4      | Bought a murky sapphire potion for 19 gold pieces
  5651 | D:4      | Bought a brown potion for 19 gold pieces
  5841 | D:5      | Reached XP level 8. HP: 39/39 MP: 9/9
  5859 | D:5      | Reached skill level 11 in Stealth
  6435 | D:6      | Reached skill level 1 in Translocations
  6567 | D:6      | Found a shadowy altar of Dithmenos.
  6570 | D:6      | Became a worshipper of Dithmenos the Shadowed
  6585 | D:6      | Found a staircase to the Ecumenical Temple.
  6593 | D:6      | Reached skill level 1 in Spellcasting
  6983 | Temple   | Entered the Ecumenical Temple
  8475 | D:7      | Reached XP level 9. HP: 26/43 MP: 14/14
  8479 | D:7      | Reached skill level 12 in Stealth
  8703 | D:4      | Bought a scroll labelled GOIRED LICI for 22 gold pieces
  8703 | D:4      | Bought a scroll labelled XEOJAO XAIGRU for 22 gold pieces
  8876 | D:7      | Reached * piety under Dithmenos
  9322 | D:7      | Found a glowing golden altar of the Shining One.
  9350 | D:7      | Found a snail-covered altar of Cheibriados.
  9351 | D:7      | Found Cheibriados's Comfort Zone.
  9404 | D:7      | HP: 2/43 [steam dragon] (1)]
  9854 | D:6      | Found a shadowy altar of Dithmenos.
  9870 | D:6      | Found a staircase to the Ecumenical Temple.
 10193 | D:7      | Learned a level 5 spell: Summon Mana Viper
 10266 | D:7      | Found Vowkishri's Book Emporium.
 10333 | D:7      | Reached skill level 1 in Evocations
 10365 | D:7      | Found a runed translucent door.
 10368 | D:7      | Found a runed translucent door.
 10381 | D:7      | Reached skill level 1 in Invocations
 10812 | D:7      | Reached skill level 5 in Translocations
 10826 | D:7      | Identified the +5 steam dragon scales of the Everdark
                  | {Stlth+}
 10904 | D:7      | Found Cheibriados's Comfort Zone.
 10907 | D:7      | Found a snail-covered altar of Cheibriados.
 10959 | D:7      | Found Vowkishri's Book Emporium.
 11078 | D:7      | Found a glowing golden altar of the Shining One.
 11583 | D:6      | Found a shadowy altar of Dithmenos.
 11710 | D:8      | Found a stormy altar of Qazlal.
 11916 | D:8      | Found a white marble altar of Elyvilon.
 12113 | D:8      | Identified the +8 shortbow of the Shore {freeze, Int+9
                  | Dex-3}
 12173 | D:8      | Found a bloodstained altar of Trog.
 12177 | D:8      | Noticed a wizard
 12184 | D:8      | Killed a wizard
 12478 | D:8      | Found a burning altar of Makhleb.
 12687 | D:4      | Bought a scroll labelled YBOTRE IXOLER for 22 gold pieces
 12698 | D:4      | Bought a sapphire potion for 21 gold pieces
 12698 | D:4      | Bought a scroll labelled KIDGHOXOIPU for 24 gold pieces
 12698 | D:4      | Bought a scroll labelled GOIRED LICI for 24 gold pieces
 12776 | D:6      | Found a staircase to the Ecumenical Temple.
 13161 | D:9      | Reached skill level 1 in Bows
 13161 | D:9      | Reached skill level 5 in Spellcasting
 13253 | D:9      | Reached skill level 10 in Dodging
 13720 | D:9      | Learned a level 5 spell: Silence
 13725 | D:9      | Learned a level 4 spell: Passage of Golubria
 13771 | D:9      | Reached XP level 10. HP: 45/45 MP: 18/18
 13793 | D:9      | Reached ** piety under Dithmenos
 13835 | D:9      | Identified the +9 dagger of Impatience {freeze, rC++ Will+
                  | Int-5 Dex+3}
 13848 | D:9      | Found an iron altar of Okawaru.
 13925 | D:9      | Reached skill level 1 in Hexes
 14341 | D:4      | Bought 3 scrolls labelled GOIRED LICI for 72 gold pieces
 14478 | D:10     | Entered Level 10 of the Dungeon
 14706 | D:10     | Found an ornate altar of the Wu Jian Council.
 14706 | D:10     | Found a snail-covered altar of Cheibriados.
 14883 | D:10     | Noticed a boulder beetle
 14932 | D:10     | Killed a boulder beetle
 14933 | D:10     | Reached skill level 5 in Evocations
 15177 | D:10     | Found a hide-covered altar of Uskayaw.
 15463 | D:10     | Noticed a two-headed ogre
 15467 | D:10     | Killed a two-headed ogre
 15947 | D:11     | Noticed a two-headed ogre
 16176 | D:10     | Killed a two-headed ogre
 16333 | D:11     | Found a staircase to the Orcish Mines.
 16347 | D:11     | Noticed a cyclops
 16427 | D:11     | Killed a cyclops
 16428 | D:11     | Reached XP level 11. HP: 51/51 MP: 19/19
 16442 | D:11     | Noticed a five-headed hydra
 16555 | D:11     | Noticed a two-headed ogre
 16558 | D:11     | Killed a two-headed ogre
 16578 | D:11     | Reached skill level 5 in Invocations
 16632 | D:11     | Reached skill level 5 in Bows
 16732 | D:11     | Reached *** piety under Dithmenos
 16738 | D:11     | Noticed a two-headed ogre
 16745 | D:11     | Killed a two-headed ogre
 16746 | D:11     | Reached skill level 5 in Hexes
 16997 | D:11     | Found a staircase to the Lair.
 17070 | D:11     | Reached skill level 10 in Short Blades
 17400 | D:11     | Killed a five-headed hydra
 17643 | Lair:1   | Entered Level 1 of the Lair of Beasts
 17730 | Lair:1   | Found a gate leading to a gauntlet.
 17752 | Gauntlet | Entered a Gauntlet
 17752 | Gauntlet | Noticed a soul eater
 17752 | Gauntlet | Found a transporter.
 17752 | Gauntlet | Found a transporter.
 17761 | Gauntlet | Noticed a death scarab
 17896 | Gauntlet | Found a transporter.
 17899 | Gauntlet | Found a transporter.
 17907 | Gauntlet | Found a transporter.
 17910 | Gauntlet | Found a transporter.
 17914 | Gauntlet | Found a runed translucent door.
 17918 | Gauntlet | Found a transporter.
 17918 | Gauntlet | Noticed a thrashing horror
 17927 | Gauntlet | Found a runed translucent door.
 17933 | Gauntlet | Found a large runed translucent door.
 17934 | Gauntlet | Found a large runed translucent door.
 17935 | Gauntlet | Found a large runed translucent door.
 17935 | Gauntlet | Found a large runed translucent door.
 17936 | Gauntlet | Found a runed translucent gate.
 17937 | Gauntlet | Found a transporter.
 17937 | Gauntlet | Found a runed translucent gate.
 17941 | Gauntlet | Found a large runed translucent door.
 17941 | Gauntlet | Found a large runed translucent door.
 17941 | Gauntlet | Found a runed translucent door.
 17942 | Gauntlet | Found a large runed translucent door.
 17943 | Gauntlet | Found a large runed translucent door.
 17945 | Gauntlet | Found a transporter.
 17948 | Gauntlet | Found a transporter.
 17959 | Gauntlet | Noticed a death scarab
 17961 | Gauntlet | Found a transporter.
 17962 | Gauntlet | Found a transporter.
 18009 | Gauntlet | Found a large runed translucent door.
 18010 | Gauntlet | Found a large runed translucent door.
 18011 | Gauntlet | Found a large runed translucent door.
 18011 | Gauntlet | Found a large runed translucent door.
 18011 | Gauntlet | Found a runed translucent door.
 18012 | Gauntlet | Found a large runed translucent door.
 18013 | Gauntlet | Found a large runed translucent door.
 18014 | Gauntlet | Found a large runed translucent door.
 18014 | Gauntlet | Found a large runed translucent door.
 18015 | Gauntlet | Found a runed translucent gate.
 18057 | Gauntlet | Identified 2 scrolls of acquirement
 18059 | Gauntlet | Acquired a +2 buckler of reflection
 18061 | Gauntlet | Acquired 1010 gold pieces
 18097 | Gauntlet | Gained mutation: You have sharp toenails. [potion of
                  | mutation]
 18097 | Gauntlet | Gained mutation: You possess an exceptional clarity of
                  | mind. [potion of mutation]
 18097 | Gauntlet | Gained mutation: You are dopey. (Int -2) [potion of
                  | mutation]
 18097 | Gauntlet | Gained mutation: Your flesh is cold resistant. (rC+)
                  | [potion of mutation]
 18113 | Gauntlet | Killed a death scarab
 18114 | Gauntlet | Reached skill level 1 in Shields
 18250 | Gauntlet | Identified the ring of Zoergh {Wiz Int+5}
 18287 | Gauntlet | Identified the ring "Zurphuz" {Fire Str-2 Slay+6}
 18350 | Gauntlet | Killed a thrashing horror
 18351 | Gauntlet | Reached XP level 12. HP: 47/56 MP: 15/20
 18361 | Gauntlet | Identified the +2 hat of Uffibb {Drain Int+4 Stlth+}
 18368 | Gauntlet | Identified the +9 great sword of Goemof {speed, rPois Str-3
                  | Stlth+}
 18425 | Gauntlet | Noticed a minotaur
 18459 | Gauntlet | Killed a minotaur
 18668 | Gauntlet | Got the Catalogue of Flight
 18673 | Gauntlet | Identified the -6 tower shield "Ytiskam" {rElec rPois MP+9}
 18678 | Gauntlet | Got the Catalogue of Flames and Stones
 19029 | D:1      | Bought a potion of mutation for 112 gold pieces
 19029 | D:1      | Bought a potion of flight for 42 gold pieces
 19029 | D:1      | Bought a potion of curing for 42 gold pieces
 19029 | D:1      | Bought a potion of cancellation for 112 gold pieces
 19201 | D:4      | Bought a potion of curing for 72 gold pieces
 19388 | D:12     | Found Vutri's Antique Armour Shop.
 19594 | D:12     | Noticed a boulder beetle
 19692 | D:11     | Reached skill level 5 in Shields
 19780 | D:11     | Killed a boulder beetle
 19863 | D:12     | Noticed a two-headed ogre
 19991 | D:12     | Noticed a boulder beetle
 20011 | D:12     | Noticed a five-headed hydra
 20051 | D:11     | Reached skill level 10 in Translocations
 20175 | D:12     | Killed a five-headed hydra
 20584 | D:12     | Noticed a two-headed ogre
 20697 | D:12     | Noticed a two-headed ogre
 20745 | D:12     | Killed a two-headed ogre
 20758 | D:12     | Killed a boulder beetle
 20917 | D:12     | Noticed a five-headed hydra
 20934 | D:12     | Killed a two-headed ogre
 20946 | D:12     | Killed a two-headed ogre
 20972 | D:12     | Killed a five-headed hydra
 20972 | D:12     | Reached **** piety under Dithmenos
 21253 | D:12     | You fall into a shaft and drop 1 floor!
 21390 | D:13     | Reached XP level 13. HP: 59/59 MP: 21/21
 21905 | D:14     | Found a gate to the Vaults.
 21919 | D:14     | Reached skill level 13 in Stealth
 21931 | D:14     | Reached skill level 10 in Bows
 22932 | D:14     | Reached skill level 14 in Stealth
 23093 | D:14     | You fall into a shaft and drop 1 floor!
 23093 | D:15     | Entered Level 15 of the Dungeon
 23123 | D:15     | Found a shimmering altar of Xom.
 23123 | D:15     | Found a shimmering altar of Xom.
 23125 | D:15     | Found a shimmering altar of Xom.
 23125 | D:15     | Found a shimmering altar of Xom.
 23127 | D:15     | Found a shimmering altar of Xom.
 23228 | D:15     | Mangled by a boulder beetle

Illustrated notes

Levels and vault maps discovered:
D:1:      saegor_arrival_simple_b, layout_loops_cross, serial_shops, shop,
          nicolae_shop_behind_doors, shop
D:2:      layout_loops_ring, shapermc_ecumenical_altar_flowoftime, basic_altar,
          chequers_serial_rivers_large_a
D:3:      minmay_inner_zag, layout_loops_cross, lemuel_tele_altar,
          mainiacjoe_overflow_alcove_4, st_stairs_1, uniq_robin
D:4:      layout_basic, nicolae_ru_the_path_less_chosen, serial_shops,
          kennysheep_little_box, nicolae_shop_window_shopping,
          nicolae_shop_overgrown_old_shop, minmay_distorted, uniq_blork_the_orc
D:5:      layout_rooms
D:6:      layout_basic, kennysheep_mini_moat, temple_fountains
D:7:      lemuel_insect_pit, layout_loops_ring,
          mainiacjoe_overflow_cross_hatched, serial_shops,
          nicolae_shop_waterfront, minmay_shop_chei
D:8:      layout_basic, trog_wizard, demons_altar, elyvilon_altar_3,
          nicolae_qazlal_scattered_showers, st_stairs_10
D:9:      layout_gridville, okawaru_trees_1
D:10:     layout_stronghold, nicolae_uskayaw_dance_studio,
          mainiacjoe_overflow_large_starburst
D:11:     layout_stronghold, grunt_lair_entry_orc_guard_hut
D:12:     cheibrodos_fzero, layout_gridville, serial_shops, shop
D:13:     layout_rooms
D:14:     layout_roguey, erik_vaults_2, minmay_misc_feat_rugged
D:15:     gammafunk_depths_entry_grave, layout_rooms, serial_park_gazebo
          [serial_park_minivault_5x5_6], xom_shifter_show
Temple:   jpeg_temple_island
Lair:1:   layout_chaotic_city, gauntlet_entry_generic,
          chequers_serial_rivers_marsh

Skill      XL: |  1  2  3  4  5  6  7  8  9 10 11 12 13 |
---------------+----------------------------------------+-----
Short Blades   | 3 4 5 6 7 8 9 10 | 10.0
Dodging        | 4 5 6 7 8 10 12 | 12.0
Stealth        | 8 9 10 11 12 14 | 14.6
Translocations | 3 5 7 9 11 13 | 13.7
Spellcasting   | 2 5 |  5.0
Evocations     | 4 5 |  5.0
Invocations    | 3 4 5 |  5.0
Bows           | 1 4 7 9 11 | 11.3
Hexes          | 4 5 |  5.0
Shields        | 3 7 |  7.2
Fighting       | |  2.4

Action                   |  1- 3 |  4- 6 |  7- 9 | 10-12 | 13-15 || total
-------------------------+-------+-------+-------+-------+-------++-------
Melee: Dagger            |     6 |   193 |   630 |   602 |   155 ||  1586
       Kick              |       |       |       |   133 |    57 ||   190
 Fire: Shortbow          |       |       |       |    27 |    92 ||   119
 Cast: Blink             |       |       |       |     7 |    15 ||    22
  Use: Scroll            |       |     2 |       |    16 |     1 ||    19
       Potion            |       |       |       |     5 |       ||     5
 Stab: Sleeping          |       |    29 |    24 |    24 |     7 ||    84
       Distracted        |       |     2 |     4 |     4 |     3 ||    13
Armor: Animal skin       |       |     4 |     6 |       |       ||    10
       Robe              |       |     1 |       |       |       ||     1
       Steam dragon scal |       |       |     5 |    31 |     5 ||    41
Dodge: Dodged            |     4 |   107 |   351 |   325 |    58 ||   845
Block: Buckler           |       |       |       |    79 |    31 ||   110
       Reflection        |       |       |       |     2 |     3 ||     5
